Construct Section Command Post
Selects Air and Sea Battlegroup
Construct Platoon Command Post
Unlock Bishop Self-propelled Artillery
Bishop Self-propelled Artillery
Selects Commando Section Paradrop
Selects M1 Pack Howitzer Paradrop
Commando Section Paradrop
Construct Company Command Post
Selects Anti-tank Rocket Loiter
Bishop Self-propelled Artillery
Unlock Towed 17-pounder Anti-tank Guns
Unlock M3 Grant Medium Tanks